 Dungeon Crawl Stone Soup version 0.19.5 (webtiles) character file.

11 tidbits the Chiller (level 2, -4/18 HPs)
             Began as a High Elf Wanderer on Oct 28, 2017.
             Slain by a worker ant (8 damage)
             ... on level 4 of the Dungeon.
             The game lasted 00:02:14 (240 turns).

tidbits the Chiller (High Elf Wanderer)              Turns: 240, Time: 00:02:16

Health: -4/18      AC:  2    Str: 11    XL:     2   Next: 17%
Magic:  3/6        EV: 12    Int: 16    God:
Gold:   51         SH:  0    Dex: 13    Spells: 1 memorised, 4 levels left

rFire  . . .     SeeInvis .     h - -3 flail (curse)
rCold  . . .     Gourm    .     d - +0 robe
rNeg   . . .     Faith    .     (no shield)
rPois  .         Spirit   .     (no helmet)
rElec  .         Reflect  .     (no cloak)
rCorr  .         Harm     .     (no gloves)
MR     .....                    (no boots)
Stlth  ++........               (no amulet)
                                (no ring)
                                (no ring)

@: no status effects
A: no striking features
a: no special abilities


You were on level 4 of the Dungeon.
You were not hungry.

You visited 1 branch of the dungeon, and saw 4 of its levels.

You collected 51 gold pieces.

Inventory:

Hand Weapons
 b - a +0 spear
 e - a +0 dagger
 g - a +0 whip
   (You took it off a kobold on level 1 of the Dungeon)
 h - a cursed -3 flail (weapon)
   (You found it on level 2 of the Dungeon)
Armour
 d - a +0 robe (worn)
Potions
 c - a potion of lignification
Books
 a - a book of Frost

   Spells                             Type                      Level
   a - Freeze                         Ice                          1
   b - Throw Frost                    Conjuration/Ice              2
   c - Ozocubu's Armour               Charms/Ice                   3
   d - Throw Icicle                   Conjuration/Ice              4
   e - Summon Ice Beast               Ice/Summoning                4
Comestibles
 f - a bread ration
 i - a slice of pizza


   Skills:
 - Level 1.2 Fighting
 - Level 1.2 Dodging
 - Level 2.1 Stealth
 + Level 2.3 Spellcasting
   Level 1.1 Translocations
 - Level 3.0 Ice Magic
   Level 1.0 Evocations


You had 4 spell levels left.
You knew the following spells:

 Your Spells              Type           Power        Failure   Level  Hunger
a - Freeze                Ice            ##..         8%          1    #......


Dungeon Overview and Level Annotations

Branches:
Dungeon (4/15)
 Temple: D:4-7

Altars:
Qazlal


Message History

Confirm with . or Enter, or press ? or * to list all spells.
Aiming: Freeze
Press: ? - help, Shift-Dir - straight line, f - leopard gecko
Aim: a leopard gecko (lightly wounded)
You miscast Freeze.
You are very lightly contaminated with residual magic.
A chill runs through your body. The leopard gecko barely misses you.
Casting: Freeze
Confirm with . or Enter, or press ? or * to list all spells.
Aiming: Freeze
Press: ? - help, Shift-Dir - straight line, f/p - leopard gecko
Aim: a leopard gecko (lightly wounded)
You freeze the leopard gecko.
The leopard gecko seems to slow down.
The leopard gecko is moderately wounded.
The leopard gecko barely misses you.
Casting: Freeze
Confirm with . or Enter, or press ? or * to list all spells.
Aiming: Freeze
Press: ? - help, Shift-Dir - straight line, f/p - leopard gecko
Aim: a leopard gecko (moderately wounded, slow)
You miscast Freeze.
Nothing appears to happen.
The leopard gecko bites you.
Casting: Freeze
Confirm with . or Enter, or press ? or * to list all spells.
Aiming: Freeze
Press: ? - help, Shift-Dir - straight line, f/p - leopard gecko
Aim: a leopard gecko (moderately wounded, slow)
You freeze the leopard gecko.
The leopard gecko is heavily wounded.
The leopard gecko is no longer moving slowly.
The leopard gecko bites you.
Casting: Freeze
Confirm with . or Enter, or press ? or * to list all spells.
Aiming: Freeze
Press: ? - help, Shift-Dir - straight line, f/p - leopard gecko
Aim: a leopard gecko (heavily wounded)
You freeze the leopard gecko.
You kill the leopard gecko!
Found 11 gold pieces.
You now have 29 gold pieces (gained 16).
You found a teleport trap!
Things that are here:
a leather armour; a leopard gecko corpse You now have 40 gold pieces (gained 11).
Found 11 gold pieces.
A worm comes into view.
Found a scroll labeled WUNIHI DAKO.
You see here 11 gold pieces.
You now have 51 gold pieces (gained 11).
Really walk into that teleport trap?
You enter a teleport trap!
The teleport trap disappears.
Your surroundings suddenly seem different. 3 orcs come into view.
Found a stone staircase leading down.
There is a stone staircase leading down here.
Your magical contamination has completely faded away.
You climb downwards.
You hear the hiss of flowing sand.
There is an entrance to an ossuary on this level.
Hurry and find it before the portal is buried!
Found a slice of pizza and 49 stones.
There is a stone staircase leading up here.
i - a slice of pizza
There are no items here.
Found a stormy altar of Qazlal.
Found 18 stones.
Found a robe.
You see here 24 stones.
There is a stormy altar of Qazlal here.
A leopard gecko skeleton comes into view.
The leopard gecko skeleton moves out of view.
Okay, then.
An ogre comes into view. It is wielding a giant spiked club.
Found a stone staircase leading up.
A worker ant comes into view.
Casting: Freeze
Confirm with . or Enter, or press ? or * to list all spells.
Aiming: Freeze
Press: ? - help, Shift-Dir - straight line, f - worker ant
Aim: a worker ant You freeze the worker ant.
The worker ant is moderately wounded.
The worker ant bites you.
Casting: Freeze
Confirm with . or Enter, or press ? or * to list all spells.
Aiming: Freeze
Press: ? - help, Shift-Dir - straight line, f/p - worker ant
Aim: a worker ant (moderately wounded)
You freeze the worker ant.
The worker ant is heavily wounded.
The worker ant bites you!
* * * LOW HITPOINT WARNING * * *
Casting: Freeze
Confirm with . or Enter, or press ? or * to list all spells.
Aiming: Freeze
Press: ? - help, Shift-Dir - straight line, f/p - worker ant
Aim: a worker ant (heavily wounded)
You freeze the worker ant.
The worker ant is severely wounded.
The worker ant bites you!
You die...

###.. #....
####...#
......#
#.<..# #...#
#..a# #
#..@#
#.####...#
#....#...#
#####.....##
#.....###..#
#.###....#Z#
.. #......##
..
###.....###
...
#.......#


You could see a worker ant and a leopard gecko skeleton.

Vanquished Creatures
  2 leopard geckos
  A goblin (D:2)
  2 kobolds (D:1)
  2 bats (D:1)
  3 frilled lizards
  A rat (D:2)
11 creatures vanquished.

Notes
Turn   | Place    | Note
-------+----------+-------------------------------------------
     0 | D:1      | tidbits the High Elf Wanderer began the quest for the Orb.
     0 | D:1      | tidbits set off with: a book of Frost, a +0 spear, a potion of lignification, a +0 robe, a +0 dagger, a bread ration
     0 | D:1      | Reached XP level 1. HP: 13/13 MP: 3/3
     2 | D:1      | Learned a level 1 spell: Freeze
    87 | D:2      | Reached skill level 2 in Spellcasting
   117 | D:2      | Reached XP level 2. HP: 18/18 MP: 3/6
   198 | D:4      | Found a stormy altar of Qazlal.
   229 | D:4      | Noticed an ogre
   240 | D:4      | Slain by a worker ant

Skill      XL: |  1 |
---------------+----+-----
Spellcasting   | 2 |  2.3
Fighting       | |  1.2
Dodging        | |  1.2
Stealth        | |  2.1
Translocations | |  1.1
Ice Magic      | |  3.0
Evocations     | |  1.0

Action                   || total
-------------------------++-------
Melee: Spear             ||     4
       Flail             ||     6
 Cast: Freeze            ||    16
 Stab: Sleeping          ||     2
Armor: Robe              ||     3
Dodge: Dodged            ||     8

Table legend:
 A = Turns spent in this place as a percentage of turns spent in the entire game.
 B = Non-inter-level travel turns spent in this place as a percentage of non-inter-level travel turns spent in the entire game.
 C = Inter-level travel turns spent in this place as a percentage of turns spent in this place.
 D = Turns resting spent in this place as a percentage of non-inter-level travel turns spent in this place.
 E = Turns spent auto-exploring this place as a percentage of non-inter-level travel turns spent in this place.
 F = Non-inter-level travel turns spent in this place divided by the number of levels of this place that you've seen.
                   A       B       C       D       E      F
               +-------+-------+-------+-------+-------+----------------------
         Total | 100.0 | 100.0 |   0.0 |   0.0 |   0.0 |  59.8
       Dungeon | 100.0 | 100.0 |   0.0 |   0.0 |   0.0 |  59.8
               +-------+-------+-------+-------+-------+----------------------

Table legend:
 A = Kills in this place as a percentage of kills in entire the game.
 B = Kills by you in this place as a percentage of kills by you in the entire game.
 C = Kills by friends in this place as a percentage of kills by friends in the entire game.
 D = Other kills in this place as a percentage of other kills in the entire game.
 E = Experience gained in this place as a percentage of experience gained in the entire game.
 F = Experience gained in this place divided by the number of levels of this place that you have seen.
                   A       B       C       D       E      F
               +-------+-------+-------+-------+-------+----------------------
         Total | 100.0 | 100.0 |  -nan |  -nan | 100.0 |   4.2
       Dungeon | 100.0 | 100.0 |  -nan |  -nan | 100.0 |   4.2
               +-------+-------+-------+-------+-------+----------------------

Vault maps used:
D:1:      minmay_arrival_stair_chambers
D:2:      minmay_diamond_boxcup, uniq_sigmund
D:3:      fiery_altar_vehumet, uniq_natasha
D:4:      grunt_qazlal_sundering, gup_ossuary_entry_pyramid, st_stairs_13,
          minmay_quantized
